AoeStats
← Narishma91

Arabia

510513342Analyzed
1v1 RM · 2d ago on Oct 1, 2026· 45m 14s· 2 players
Game mode
Random Map
Map size
Tiny (2 player)
Population
200
Speed
Normal
Resources
Standard
Victory
Conquest
Starting age
Dark Age
Ending age
Imperial Age
RankedLock teamsTeams togetherTeam positionsShared explorationLock speedFull tech treeHidden civsTurbo modeCheats
Victory
Defeat
🇵🇱 Poles · Poland
712
+12
🇧🇬 Britons · Bulgaria
623
-12
Narishma91
9:39 Feudal Age
10:10 Loom
18:26 Fletching
21:05 Padded Archer Armor
21:53 Double-Bit Axe
23:12 Scale Mail Armor
26:40 Gold Mining
26:41 Stone Mining
28:57 Castle Age
27:53 Gold Mining
27:54 Stone Mining
29:07 Crossbowman
29:10 Elite Skirmisher
29:49 Bodkin Arrow
30:10 Leather Archer Armor
29:21 Pikeman
31:52 Bow Saw
31:25 Horse Collar
32:54 Forging
35:07 Ballistics
45:13 Imperial Age
45:00 Yeomen
Stefan1655
9:32 Loom
13:14 Feudal Age
15:10 Bloodlines
16:02 Wheelbarrow
19:12 Wheelbarrow
22:19 Stone Mining
24:09 Horse Collar
26:42 Castle Age
24:36 Double-Bit Axe
26:23 Scale Barding Armor
27:22 Light Cavalry
29:13 Husbandry
29:36 Chain Barding Armor
30:35 Hand Cart
32:24 Stone Shaft Mining
31:40 Gold Mining
32:39 Szlachta Privileges
32:55 Bow Saw
33:44 Forging
40:42 Elite Skirmisher
42:02 Heavy Plow
42:42 Thumb Ring
43:24 Fletching
44:10 Iron Casting
43:35 Padded Archer Armor
Connection lost

Rejoining the realm…

Still unreachable

The connection could not be restored.

Session expired

The server has moved on; the page needs a fresh start.